 Dungeon Crawl Stone Soup version 0.31-a0-202-g547052bce9 (webtiles) character file.

Game seed: 8945809205215538405

53 qw the Shooter (level 3, -3/20 HPs)
             Began as a Deep Elf Hunter on June 26, 2023.
             Slain by a worm (7 damage)
             ... on level 2 of the Dungeon.
             The game lasted 00:00:17 (612 turns).

qw the Shooter (Deep Elf Hunter)                     Turns: 612, Time: 00:00:17

Health: -3/20      AC:  5    Str: 10    XL:     3   Next: 62%
Magic:  5/5        EV: 11    Int: 13    God:
Gold:   1223       SH:  0    Dex: 18    Spells: 2/2 levels left

rFire   . . .        Y - +0 shortbow
rCold   . . .        (shield currently unavailable)
rNeg    . . .        f - +0 ring mail
rPois   +            (no helmet)
rElec   .            (no cloak)
rCorr   .            (no gloves)
SInv    .            (no boots)
Will    .....        (no amulet)
Stlth   +            h - ring of poison resistance
HPRegen 0.23/turn    (no ring)
MPRegen 0.09/turn

%: no passive effects
@: no status effects
A: no striking features
a: no special abilities


You were on level 2 of the Dungeon.
You visited 1 branch of the dungeon, and saw 2 of its levels.

You collected 1223 gold pieces.


   Skills:
 - Level 1.5 Fighting
 + Level 7.1 Ranged Weapons
 - Level 2.4 Dodging
 - Level 1.2 Stealth


You had 2 spell levels left.
You didn't know any spells.
Your spell library was empty.

Inventory:

Hand Weapons
 Y - a +0 shortbow (weapon)
Armour
 f - a +0 ring mail (worn)
Jewellery
 h - a ring of poison resistance (left hand)
Potions
 g - a potion of invisibility {unknown}
 j - a potion of curing {unknown}

Dungeon Overview and Level Annotations

Branches:
Dungeon (2/15)

Altars:


Message History

The adder bites you. The goblin misses you.
The giant cockroach bites you but does no damage.
You shoot an arrow. The arrow hits the adder!
You kill the adder!
The goblin hits you but does no damage. The giant cockroach misses you.
You shoot an arrow. The arrow barely misses the goblin.
The arrow misses the adder.
The giant cockroach bites you but does no damage.
The goblin hits you but does no damage. The giant cockroach barely misses you.
The goblin closely misses you.
You shoot an arrow. The arrow hits the goblin!
You kill the goblin!
The giant cockroach bites you.
You shoot an arrow. The arrow hits the adder.
The adder is heavily wounded.
The adder bites you but does no damage. The giant cockroach bites you.
The adder bites you. The giant cockroach closely misses you.
You shoot an arrow. The arrow hits the adder!
You kill the adder!
The giant cockroach bites you but does no damage.
Your Ranged Weapons skill increases to level 7!
You shoot an arrow.
The arrow barely misses the giant cockroach.
The giant cockroach bites you but does no damage. x2
You shoot an arrow. The arrow hits the giant cockroach.
The giant cockroach is moderately wounded.
The giant cockroach bites you but does no damage.
You shoot an arrow. The arrow hits the giant cockroach.
The giant cockroach is heavily wounded.
The giant cockroach barely misses you. The worm bites you!
The giant cockroach closely misses you.
You shoot an arrow.
The arrow hits the giant cockroach but does no damage.
The giant cockroach is heavily wounded.
The giant cockroach bites you but does no damage.
You shoot an arrow.
The arrow closely misses the giant cockroach.
The giant cockroach bites you but does no damage.
The worm bites you!
You die...

#....... .........
###.#### .......
######.# ......
+..<...# ....
######## ... #.#+#+#
#.###B#.#.# ##
#...)@....# .#
#####w###.######.#
...# #.#....#.#
##... #.####.#.#####
.... #......#.#....
#.#...######...#.###
#.#... #.###.#
#.#.#.# #.# #.# #.#
#.#


You could see a worm and a giant cockroach.

Vanquished Creatures
  3 adders (D:2)
  A dart slug (D:1)
  2 bats (D:1)
  2 goblins
  3 hobgoblins
  3 jackals (D:1)
  A quokka (D:1)
  A ball python (D:1)
  A frilled lizard (D:1)
  2 kobolds (D:1)
  6 rats (D:1)
25 creatures vanquished.

Notes
Turn   | Place    | Note
-------+----------+-------------------------------------------
     0 | D:1      | qw the Deep Elf Hunter began the quest for the Orb.
     0 | D:1      | Reached XP level 1. HP: 12/12 MP: 3/3
     0 | D:1      | 0 ||| qw: Version: 0.3-a-22-g0ed2b0b
     0 | D:1      | 0 ||| qw: Game counter: 5800
     0 | D:1      | 0 ||| qw: Melee chars always use a shield: true
     0 | D:1      | 0 ||| qw: God list: Okawaru
     0 | D:1      | 0 ||| qw: Allow faded altars: false
     0 | D:1      | 0 ||| qw: Do Orc after clearing Dungeon:15 true
     0 | D:1      | 0 ||| qw: Do second Lair branch before Depths: true
     0 | D:1      | 0 ||| qw: Lair rune preference: random
     0 | D:1      | 0 ||| qw: Goals: Normal
     0 | D:1      | 0 ||| PLANNING D:1-11
   109 | D:1      | Reached XP level 2. HP: 16/16 MP: 4/4
   117 | D:1      | Reached skill level 6 in Ranged Weapons
   330 | D:1      | Found a faded altar of an unknown god.
   425 | D:1      | 425 ||| UPGRADING to +0 ring mail.
   435 | D:1      | 435 ||| DROPPING +0 leather armour.
   436 | D:1      | 436 ||| UPGRADING to ring of poison resistance.
   437 | D:1      | 437 ||| READING scroll labelled COEBEZ LIKH.
   438 | D:1      | 438 ||| READING scroll labelled QEJO INKOKHARCH.
   442 | D:1      | 442 ||| READING scroll labelled ADEMEOT JITIUW.
   442 | D:1      | Identified a scroll of acquirement
   442 | D:1      | 442 ||| ACQUIRING 1160 gold pieces
   442 | D:1      | Acquired 1160 gold pieces
   444 | D:1      | 444 ||| DROPPING scroll of butterflies.
   477 | D:2      | Reached XP level 3. HP: 9/20 MP: 5/5
   608 | D:2      | Reached skill level 7 in Ranged Weapons
   610 | D:2      | HP: 4/20 [worm (8)]
   612 | D:2      | Slain by a worm

Levels and vault maps discovered:
D:1:      lightli_arrival_statue_moat, layout_rooms,
          chequers_ecumenical_altar_simple_redux
D:2:      layout_basic, minmay_pentomino_r2

Skill      XL: |  1  2  3 |
---------------+----------+-----
Ranged Weapons | 6 7 |  7.1
Fighting       | |  1.5
Dodging        | |  2.4
Stealth        | |  1.2

Action                     || total
---------------------------++-------
   Fire: Shortbow          ||    60
    Use: Scroll            ||     3
 Armour: Ring mail         ||    20
  Dodge: Dodged            ||    21

Table legend:
 A = Non-vault XP
 B = Vault XP
 C = Vault XP percentage of total XP
 D = Non-vault monster count
 E = Vault monster count
 F = Vault count percentage of total count
                 A         B        C        D         E       F
            +---------+---------+-------+---------+---------+-------
      Total |      76 |       0 |   0.0 |      25 |       0 |   0.0
            +---------+---------+-------+---------+---------+-------
        D:1 |      32 |       0 |   0.0 |      20 |       0 |   0.0
        D:2 |      44 |       0 |   0.0 |       5 |       0 |   0.0
            +---------+---------+-------+---------+---------+-------
